 Dungeon Crawl Stone Soup version 0.22-a0-422-g9628fc8 (webtiles) character file.

1365 Jynxie the Skirmisher (level 8, 0/65 HPs)
             Began as a Demonspawn Gladiator on May 22, 2018.
             Slain by an orc warrior
             ... wielding a +2 morningstar of holy wrath
              (14 damage)
             ... on level 6 of the Dungeon.
             The game lasted 00:22:03 (6220 turns).

Jynxie the Skirmisher (Demonspawn Gladiator)        Turns: 6220, Time: 00:22:04

Health: 0/65       AC:  9    Str: 18    XL:     8   Next: 38%
Magic:  8/8        EV: 18    Int:  9    God:
Gold:   310        SH:  0    Dex: 19    Spells: 7/7 levels left

rFire    . . .     SeeInvis .   a - +1 war axe
rCold    + . .     Gourm    .   (no shield)
rNeg     . . .     Faith    .   w - +0 scale mail
rPois    .         Spirit   .   c - +0 helmet
rElec    .         Reflect  .   r - +1 cloak
rCorr    .         Harm     .   (no gloves)
MR       .....                  (no boots)
Stlth    +.........             k - amulet of rage
HPRegen  0.20/turn              (no ring)
MPRegen  0.11/turn              (no ring)

@: agile
A: hooves 2, cold resistance 1, powered by pain 2
a: Evoke Berserk Rage


You were on level 6 of the Dungeon.
You were not hungry.

You visited 1 branch of the dungeon, and saw 6 of its levels.

You collected 310 gold pieces.

Inventory:

Hand Weapons
 a - a +1 war axe (weapon)
Missiles
 d - 3 throwing nets (quivered) {!f}
Armour
 c - a +0 helmet (worn)
 r - a +1 cloak (worn)
   (You found it on level 2 of the Dungeon)
 w - a +0 scale mail (worn)
   (You found it on level 4 of the Dungeon)
 A - a +0 plate armour
   (You took it off an orc warrior on level 6 of the Dungeon)
Jewellery
 k - an amulet of rage (around neck)
   (You took it off a centaur on level 5 of the Dungeon)
 q - an uncursed amulet of faith {!P}
   (You found it on level 2 of the Dungeon)
 v - an uncursed amulet of harm
   (You found it on level 3 of the Dungeon)
Wands
 y - a wand of scattershot (5)
   (You took it off Ijyb on level 4 of the Dungeon)
Scrolls
 b - a scroll of fog {unknown}
 l - 3 scrolls of teleportation {@r4}
 s - a scroll of vulnerability {unknown}
 x - a scroll of enchant weapon
Potions
 f - 2 potions of ambrosia
 g - 2 potions of brilliance {unknown}
 h - a potion of heal wounds {@q2}
 i - a potion of magic
 j - 3 potions of curing {@q1}
 m - a potion of flight {unknown}
 n - a potion of degeneration {unknown}
 p - a potion of berserk rage {unknown}
 t - a potion of lignification {!q}
 u - 2 potions of haste {unknown}
Comestibles
 e - 12 rations {!d}
 o - 7 chunks of flesh


   Skills:
 * Level 6.7 Fighting
 * Level 6.5 Axes
 - Level 1.7 Throwing
 + Level 5.0 Dodging


You had 7 spell levels left.
You didn't know any spells.
Your spell library contained the following spells:

 Spells                   Type           Power        Failure   Level  Hunger
 Lightning Bolt           Conj/Air       #.........   100%        5    ######.
 Confuse                  Hex            #.......     99%         3    ####...
 Shock                    Conj/Air       #...         80%         1    ##.....
 Swiftness                Chrm/Air       #.......     91%         2    ###....
 Spider Form              Tmut/Pois      #.........   99%         3    ####...
 Blade Hands              Tmut           #.........   100%        5    ######.
 Ice Form                 Ice/Tmut       #.......     100%        4    #####..
 Airstrike                Air            #.........   100%        4    #####..
 Confusing Touch          Hex            #.....       80%         1    ##.....
 Sticks to Snakes         Tmut           #.......     91%         2    ###....
 Metabolic Englaciation   Hex/Ice        #.........   100%        5    ######.
 Static Discharge         Conj/Air       #.......     99%         3    ####...
 Petrify                  Tmut/Erth      #.......     100%        4    #####..
 Beastly Appendage        Tmut           #.....       80%         1    ##.....
 Gell's Gravitas          Tloc           #.........   99%         3    ####...
 Yara's Violent Unravell  Hex/Tmut       #.........   100%        5    ######.


Dungeon Overview and Level Annotations

Branches:
Dungeon (6/15)
 Temple: D:4-7

Altars:
Cheibriados
Fedhas
Kikubaaqudgha
Makhleb
Nemelex Xobeh
Uskayaw
Xom
The Shining One


Innate Abilities, Weirdness & Mutations

You have hoof-like feet.
Your flesh is cold resistant. (rC+)
You sometimes gain power by taking damage.


Message History

You slash the dart slug!
You kill the dart slug!
You pick up a book of Air and begin reading...
You add the spells Shock, Swiftness, Static Discharge, Airstrike and Lightning Bolt to your library.
s - a scroll labeled TADDECS XYTISCH
Found a stone staircase leading up.
There is a stone staircase leading up here.
An adder and an orc come into view.
The orc shouts!
Found a mace.
Found a stone staircase leading down.
An orc priest comes into view. It is wielding a short sword.
The orc priest shouts!
You hear a shout! x2; You hear an angry growl.
An orc warrior comes into view.
It is wielding a morningstar of holy wrath.
The orc priest invokes the aid of Beogh against you.
Pain shoots through your body!
You closely miss the adder. The adder completely misses you.
The adder bites you but does no damage.
You slash the adder!
You kill the adder!
You slash the orc!
You kill the orc!
You completely miss the orc priest.
The orc priest hits you but does no damage.
You closely miss the orc priest. You kick the orc priest.
You hit the orc priest. You barely miss the orc warrior.
The orc priest hits you with a short sword.
The orc warrior closely misses you.
The orc priest invokes the aid of Beogh against you.
Pain shoots through your body!
You hit the orc priest. You kick the orc priest.
You barely miss the orc warrior. The orc warrior misses you.
The orc priest misses you.
You barely miss the orc priest.
You hit the orc warrior but do no damage.
The orc warrior hits you with a morningstar of holy wrath!
You convulse!
* * * LOW HITPOINT WARNING * * *
The orc priest closely misses you.
Some of the chunks of flesh in your inventory have rotted away.
You are too injured to fight recklessly!
The orc priest closely misses you.
There is a stone staircase leading up here.
You can't go down here!
The orc priest hits you but does no damage.
The orc warrior hits you with a morningstar of holy wrath!
* * * LOW HITPOINT WARNING * * *
You focus on the pain.
You feel agile all of a sudden.
You convulse!
You die...

. # ...## ....#
#>....#### #### ....##
.......)o## #..####......
##....##o@####....##....#
#.). ##...##.##..[....##
##. ###.......##...... oo
..............).....# ##
..........###[.#.##..
.#...###..####.......
#... #....##.....#. ###.
.###.........## #
......._.....##


You could see an orc warrior and an orc priest.

Vanquished Creatures
  The ghost of galech the Skirmisher, an amateur OgBe of Trog (D:5)
  An orc warrior (D:6)
  A sky beast (D:4)
  A phantom (D:6)
  An ogre (D:5)
  A centaur (D:5)
  A scorpion (D:5)
  A howler monkey (D:4)
  A bullfrog zombie (D:5)
  A centaur zombie (D:6)
  3 hounds (D:4)
  An orc priest (D:6)
  Jessica (D:3)
  An iguana (D:5)
  Ijyb (D:4)
  A worker ant (D:5)
  2 hound skeletons
  16 adders
  A shadow imp (D:6)
  An ooze (D:4)
  2 adder skeletons
  3 worms
  8 dart slugs (D:6)
  3 leopard geckos
  5 orcs
  7 ball pythons
  10 giant cockroaches
  4 goblins
  6 hobgoblins
  11 jackals
  A quokka (D:2)
  11 bats
  6 frilled lizards
  7 kobolds
  2 quokka skeletons
  8 rats
132 creatures vanquished.

Notes
Turn   | Place    | Note
-------+----------+-------------------------------------------
     0 | D:1      | Jynxie the Demonspawn Gladiator began the quest for the Orb.
     0 | D:1      | Reached XP level 1. HP: 16/16 MP: 1/1
   331 | D:1      | Gained mutation: You sometimes gain a little power by taking damage. [demonic ancestry]
   331 | D:1      | Reached XP level 2. HP: 20/22 MP: 2/2
   732 | D:2      | Reached XP level 3. HP: 14/28 MP: 3/3
  1936 | D:3      | Found a glowing golden altar of the Shining One.
  1937 | D:3      | Noticed Jessica
  1943 | D:3      | Killed Jessica
  1943 | D:3      | Gained mutation: You have large cloven feet. [demonic ancestry]
  1943 | D:3      | Reached XP level 4. HP: 35/35 MP: 4/4
  1948 | D:3      | Found an ancient bone altar of Kikubaaqudgha.
  1948 | D:3      | Found a blossoming altar of Fedhas.
  1950 | D:3      | Found a snail-covered altar of Cheibriados.
  1951 | D:3      | Found a hide-covered altar of Uskayaw.
  2453 | D:3      | Found a sparkling altar of Nemelex Xobeh.
  3133 | D:4      | Reached XP level 5. HP: 26/41 MP: 5/5
  3803 | D:4      | Gained mutation: You have hoof-like feet. [demonic ancestry]
  3803 | D:4      | Reached XP level 6. HP: 47/48 MP: 6/6
  4173 | D:4      | Noticed a sky beast
  4178 | D:4      | Killed a sky beast
  4453 | D:5      | Entered Level 5 of the Dungeon
  4493 | D:5      | Found a blossoming altar of Fedhas.
  4500 | D:5      | Reached skill level 5 in Axes
  4625 | D:5      | Reached skill level 5 in Fighting
  4625 | D:5      | Gained mutation: Your flesh is cold resistant. (rC+) [demonic ancestry]
  4625 | D:5      | Reached XP level 7. HP: 56/56 MP: 7/7
  4708 | D:5      | Noticed Ijyb
  4708 | D:5      | Noticed galech's ghost (amateur OgBe)
  4724 | D:4      | Killed Ijyb
  4922 | D:5      | Killed galech's ghost
  5459 | D:5      | Gained mutation: You sometimes gain power by taking damage. [demonic ancestry]
  5459 | D:5      | Reached XP level 8. HP: 23/64 MP: 8/8
  5943 | D:6      | Found a shimmering altar of Xom.
  5959 | D:6      | Found a burning altar of Makhleb.
  6047 | D:6      | Reached skill level 5 in Dodging
  6220 | D:6      | Slain by an orc warrior

Vault maps used:
D:1:      minmay_arrival_plants_in_alcoves, minmay_misc_feat_five
D:3:      lemuel_coloured_pillars_altar, minitemple, uniq_jessica
D:4:      minmay_opposing_rooms, wad_floor_pattern_untrapped,
          minmay_snake_closets
D:5:      first_ration, fedhas_altar_1, uniq_ijyb
D:6:      kennysheep_slugbush, bloody_makhleb, xom_teletrap_fun

Skill      XL: |  1  2  3  4  5  6  7  8 |
---------------+-------------------------+-----
Axes           | 3 4 5 6 |  6.5
Dodging        | 3 4 5 |  5.0
Fighting       | 3 4 5 6 |  6.7
Throwing       | |  1.7

Action                   |  1- 3 |  4- 6 |  7- 9 || total
-------------------------+-------+-------+-------++-------
Melee: War axe           |   117 |   190 |   118 ||   425
       Kick              |       |    35 |    29 ||    64
  Use: Scroll            |       |     8 |     3 ||    11
       Potion            |       |     1 |     2 ||     3
 Stab: Sleeping          |     1 |       |       ||     1
  Eat: Chunk             |     3 |     9 |     2 ||    14
       Ration            |       |       |     1 ||     1
Armor: Leather armour    |    18 |       |       ||    18
       Ring mail         |    36 |    74 |       ||   110
       Scale mail        |       |    11 |    51 ||    62
       Skin              |       |     2 |     9 ||    11
Dodge: Dodged            |    98 |   118 |    71 ||   287

Table legend:
 A = Spawn XP
 B = Non-spawn XP
 C = Spawn XP percentage of total XP
 D = Spawn monster count
 E = Non-spawn monster count
 F = Spawn count percentage of total count
 G = Total turns spent on level
                    A         B        C        D         E        F      G
               +---------+---------+-------+---------+---------+-------+---------
         Total |       0 |    1951 |   0.0 |       0 |     132 |   0.0 |  6220
               +---------+---------+-------+---------+---------+-------+---------
           D:1 |       0 |      25 |   0.0 |       0 |      16 |   0.0 |   721
           D:2 |       0 |      58 |   0.0 |       0 |      24 |   0.0 |  1174
           D:3 |       0 |     106 |   0.0 |       0 |      25 |   0.0 |  1201
           D:4 |       0 |     520 |   0.0 |       0 |      33 |   0.0 |  1425
           D:5 |       0 |     797 |   0.0 |       0 |      10 |   0.0 |  1349
           D:6 |       0 |     445 |   0.0 |       0 |      24 |   0.0 |   350
               +---------+---------+-------+---------+---------+-------+---------
